[Event "Late-Titled-Tuesday-Blitz-September-12-2023"]
[Site "Chess.com"]
[Date "2023.09.12"]
[Round "5"]
[White "Aslanov_Umid"]
[Black "Roberz12"]
[Result "1-0"]
[WhiteElo "2564"]
[BlackElo "2427"]
[TimeControl "180+1"]
[EndTime "14:53:05 PDT"]
[Termination "Aslanov_Umid won on time"]

1. e4 e6 2. d4 d5 3. Nd2 c5 4. exd5 cxd4 5. Ngf3 Nf6 6. Nxd4 exd5 7. Bb5+ Bd7 8. Bxd7+ Nbxd7 9. O-O Be7 10. Re1 O-O 11. c3 Re8 12. Nf1 Bf8 13. Ng3 g6 14. Bg5 Qb6 15. Qc2 Rac8 16. h4 h6 17. Be3 Ng4 18. Nf1 Nxe3 19. Nxe3 Bg7 20. Qd2 Nf6 21. f3 Qd6 22.
Qf2 a6 23. Rad1 h5 24. Nec2 Qf4 25. Ne2 Qa4 26. Nc1 Bh6 27. a3 Rxe1+ 28. Rxe1 Re8 29.
Rxe8+ Qxe8 30. Nd3 Qb5 31. Qe2 a5 32. Nd4 Qc4 33. Kf2 b5 34. Ne5 Qxe2+ 35. Kxe2 Bc1 36. Nd3 Bh6 37. Nxb5 Nd7 38. Nc7 Nb6 39. b3 a4 40. bxa4 1-0

[Event "Late-Titled-Tuesday-Blitz-September-12-2023"]
[Site "Chess.com"]
[Date "2023.09.12"]
[Round "5"]
[White "BogdanDeac"]
[Black "BrandonJacobson"]
[Result "1-0"]
[WhiteElo "2963"]
[BlackElo "3049"]
[TimeControl "180+1"]
[EndTime "14:53:06 PDT"]
[Termination "BogdanDeac won by resignation"]

1. d4 Nf6 2. Nf3 g6 3. e3 Bg7 4. Be2 O-O 5. O-O d6 6. Nc3 Nbd7 7. e4 e5 8. dxe5 dxe5 9. Bc4 Qe7 10. a4 h6 11. b3 Rd8 12. Qe2 c6 13. Ba3 Qe8 14. Rfd1 a5 15. Rd2 Nb6 16. Rxd8 Qxd8 17. Nxe5 Nxc4 18.
Nxc4 Bg4 19. Qe1 Be6 20. Rd1 Qe8 21. Nd6 Qe7 22. Ndb5 c5 23. h3 b6 24. Qe3 g5 25.
Ne2 Bd7 26. Ng3 Re8 27. Nd6 Rb8 28. Bc1 Be6 29. Qf3 g4 30. Qf4 gxh3 31. Ndf5 Qf8 32. Nxg7 h2+ 33. Kh1 Rd8 34. Rxd8 Qxd8 35. Nxe6 fxe6 36. Bd2 h5 37. Qg5+ Kf7 38. Nxh5 1-0

[Event "Late-Titled-Tuesday-Blitz-September-12-2023"]
[Site "Chess.com"]
[Date "2023.09.12"]
[Round "5"]
[White "infinitegiantkiller"]
[Black "NotFischer"]
[Result "0-1"]
[WhiteElo "2445"]
[BlackElo "2300"]
[TimeControl "180+1"]
[EndTime "14:53:06 PDT"]
[Termination "NotFischer won by checkmate"]

1. Nf3 Nf6 2. g3 g6 3. Bg2 Bg7 4. O-O d6 5. b3 e5 6. Bb2 O-O 7. d3 c6 8. Nbd2 h6 9. e4 Be6 10. h3 Qd7 11. Kh2 Nh5 12. d4 Qc7 13. Qe2 Nd7 14. Rad1 f5 15. dxe5 dxe5 16. Nc4 fxe4 17. Qxe4 Bd5 18. Rxd5 cxd5 19. Qxd5+ Kh7 20. Nfxe5 Nxe5 21.
Nxe5 Qxc2 22. Nxg6 Rxf2 23. Rxf2 Qxf2 24. Qxh5 Qxb2 25.
Nf4 Qf6 26. Be4+ Kh8 27. Ng6+ Kg8 28. Qd5+ Qf7 29. Qd2 Qe8 30. Bd5+ Kh7 31. Qc2 Bf6 32.
Nf8+ Kg7 33. Qg6+ Qxg6 34. Nxg6 Kxg6 35. Bxb7 Rd8 36. h4 Rd2+ 37. Kh3 Be5 38. a4 Kf6 39. Kg4 Rd3 40. Kh5 Rxg3 41. Kxh6 Rxb3 42. Bc6 Rb4 43.
h5 Rh4 44. Be8 a5 45. Kh7 Kg5 46. Kg8 Rxh5 47. Bxh5 Kxh5 48. Kf7 Kg5 49. Ke6 Kf4 50. Kd5 Bc3 51. Kc4 Bb4 52. Kb5 Ke4 53. Kc4 Ke3 54.
Kb3 Kd3 55. Kb2 Kc4 56. Ka2 Kc3 57. Kb1 Kb3 58. Ka1 Kxa4 59. Kb1 Kb3 60. Ka1 Bc3+ 61. Kb1 a4 62. Kc1 a3 63. Kb1 a2+ 64. Kc1 a1=Q# 0-1

[Event "Late-Titled-Tuesday-Blitz-September-12-2023"]
[Site "Chess.com"]
[Date "2023.09.12"]
[Round "5"]
[White "SaqoChess_Twitch"]
[Black "Cambek64"]
[Result "1-0"]
[WhiteElo "2718"]
[BlackElo "2481"]
[TimeControl "180+1"]
[EndTime "14:53:07 PDT"]
[Termination "SaqoChess_Twitch won by resignation"]

1. d4 c5 2. d5 e5 3. c4 d6 4. Nc3 Nf6 5. e4 Be7 6. Nf3 O-O 7. Bd3 Na6 8. O-O Nc7 9. a4 Rb8 10. Ne1 a6 11. h3 b6 12. f4 exf4 13. Bxf4 Nfe8 14.
e5 dxe5 15. Bxe5 Bd6 16. Nf3 g6 17. Qd2 f6 18. Bxd6 Nxd6 19. Rae1 Bd7 20. Ne4 Nce8 21.
Qh6 Nxe4 22. Rxe4 Rf7 23. Rh4 Rg7 24. Bxg6 hxg6 25. Qh8+ Kf7 26. Ng5+ Ke7 27. Re4+ Kd6 28. Ne6 Qe7 29. Qh4 Bxe6 30. Rxe6+ Qxe6 31. dxe6 Kxe6 32. Re1+ Kf7 33. Qe4 Kf8 34. Qc6 a5 35. Re6 g5 36.
g4 Rf7 37. Kg2 Re7 38. Rxf6+ Nxf6 39. Qxf6+ Ke8 40. Qh8+ Kd7 41. Qxb8 Re2+ 42. Kf3 Rxb2 43. Qb7+ Kd6 44. Qd5+ Kc7 45. Qe5+ 1-0

[Event "Late-Titled-Tuesday-Blitz-September-12-2023"]
[Site "Chess.com"]
[Date "2023.09.12"]
[Round "5"]
[White "noblerone"]
[Black "nevermind242"]
[Result "1-0"]
[WhiteElo "2518"]
[BlackElo "2359"]
[TimeControl "180+1"]
[EndTime "14:53:07 PDT"]
[Termination "noblerone won on time"]

1. d4 e6 2. Nf3 f5 3. Bf4 Nf6 4. e3 d5 5. c4 Bd6 6. Bxd6 Qxd6 7. Nc3 O-O 8. Qb3 c6 9. Ne5 Ne4 10. f4 Nd7 11. Be2 Nxe5 12. fxe5 Qe7 13. Bf3 Qg5 14. Ne2 b6 15. Nf4 Qe7 16. Bxe4 fxe4 17. O-O Ba6 18. cxd5 cxd5 19. Rfc1 Rac8 20. Qa4 Bd3 21. h3 a5 22. Qb3 Bc4 23. Qxb6 Rb8 24. Qxe6+ Qxe6 25. Nxe6 Rfe8 26. b3 Bxb3 27. Nc7 Bc4 28. Nxe8 Rxe8 29. Rcb1 Rf8 30. Rb7 h6 31. e6 Kh7 32. a3 a4 33.
Rab1 Kg6 34. R1b2 Kh5 35. Rf2 1-0

[Event "Late-Titled-Tuesday-Blitz-September-12-2023"]
[Site "Chess.com"]
[Date "2023.09.12"]
[Round "5"]
[White "angryspacevoid"]
[Black "sofaceindisguise"]
[Result "1-0"]
[WhiteElo "2559"]
[BlackElo "2778"]
[TimeControl "180+1"]
[EndTime "14:53:08 PDT"]
[Termination "angryspacevoid won on time"]

1. e4 c5 2. Nf3 e6 3. d4 cxd4 4. Nxd4 Nf6 5. Nc3 Nc6 6. a3 d6 7. Be3 Bd7 8. Be2 a6 9. Qd2 Rc8 10. f4 Be7 11. O-O O-O 12. Rad1 Qc7 13. Bf3 Rfe8 14.
Nb3 b5 15. g4 Red8 16. Qf2 Qb8 17. Bb6 b4 18. axb4 Nxb4 19. Bxd8 Bxd8 20. Qd2 Bb6+ 21. Kh1 Ne8 22. Bg2 a5 23. Ra1 a4 24. Nxa4 Nxc2 25. Rac1 Bxa4 26. Rxc2 Bxb3 27. Rxc8 Qxc8 28. Qb4 Qc5 29.
Qxb3 h6 30. Qc3 Qb5 31. Rc1 Nf6 32. h3 Bc5 33. e5 dxe5 34. Qxc5 Qxb2 35. fxe5 1-0

[Event "Late-Titled-Tuesday-Blitz-September-12-2023"]
[Site "Chess.com"]
[Date "2023.09.12"]
[Round "5"]
[White "RaphaeI"]
[Black "S-Fazulyanov"]
[Result "0-1"]
[WhiteElo "2598"]
[BlackElo "2475"]
[TimeControl "180+1"]
[EndTime "14:53:08 PDT"]
[Termination "S-Fazulyanov won on time"]

1. c4 e5 2. d3 Nc6 3. Nf3 g6 4. g3 Bg7 5. Bg2 Nge7 6. Nc3 O-O 7. O-O d6 8. Rb1 a5 9. a3 f5 10. Bd2 h6 11. b4 axb4 12. axb4 Be6 13. b5 Na5 14. Ne1 g5 15. Nc2 f4 16. Nb4 Qd7 17. Ncd5 Ng6 18. b6 c5 19. Nc7 Bh3 20. Nxa8 Bxg2 21.
Kxg2 cxb4 22. Nc7 Qg4 23. h3 Qh5 24. g4 f3+ 25. exf3 Nh4+ 26. Kh1 Qg6 27. f4 Qxd3 28. Be3 Qe4+ 29. f3 Qxe3 30. Qd5+ Kh8 31. Ne6 Qe2 0-1

[Event "Late-Titled-Tuesday-Blitz-September-12-2023"]
[Site "Chess.com"]
[Date "2023.09.12"]
[Round "5"]
[White "CURRUTACO59"]
[Black "ManuMunoz01"]
[Result "0-1"]
[WhiteElo "2269"]
[BlackElo "2255"]
[TimeControl "180+1"]
[EndTime "14:53:08 PDT"]
[Termination "ManuMunoz01 won on time"]

1. Nf3 d5 2. d4 Bf5 3. c4 c6 4. e3 g6 5. Nc3 Bg7 6. Be2 Nf6 7. Nh4 Be6 8. c5 b6 9. cxb6 axb6 10. O-O O-O 11. Nf3 Nbd7 12. b3 b5 13. Bb2 Nb6 14. a3 Qd6 15. Ne5 Nfd7 16. f4 Nxe5 17. fxe5 Qd7 18. Qe1 Qb7 19. Qh4 Qd7 20.
Bd3 f6 21. exf6 exf6 22. Ne2 f5 23. Nf4 Bf7 24. Qg3 Rae8 25. Rae1 Qe7 26. Bc1 Nd7 27. Bc2 Nf6 28. Kh1 Ne4 29. Qf3 Qd6 30. Nd3 Bf6 31. Qh3 Kg7 32. Nf4 Bg5 33. Bxe4 Rxe4 0-1

[Event "Late-Titled-Tuesday-Blitz-September-12-2023"]
[Site "Chess.com"]
[Date "2023.09.12"]
[Round "5"]
[White "whitemirrorninja"]
[Black "MarcoRiehle"]
[Result "0-1"]
[WhiteElo "2497"]
[BlackElo "2773"]
[TimeControl "180+1"]
[EndTime "14:53:11 PDT"]
[Termination "MarcoRiehle won by checkmate"]

1. e4 e5 2. Nf3 Nf6 3. Nc3 Nc6 4. Be2 Bc5 5. Nxe5 Nxe5 6. d4 Bd6 7. dxe5 Bxe5 8.
Nb5 c6 9. f4 Bb8 10. Nd6+ Bxd6 11. Qxd6 Qe7 12. Qxe7+ Kxe7 13. e5 Ne4 14. b3 d5 15. exd6+ Nxd6 16. Ba3 Be6 17. O-O-O Rad8 18. Bf3 Rd7 19. g4 g6 20. g5 Rhd8 21. Rd2 Ke8 22. h4 Nb5 23. Rxd7 Rxd7 24. Bb2 Nd4 25. Bd1 Nf5 26. h5 Ng3 27. hxg6 fxg6 28. Re1 Kf7 29.
Bf6 h5 30. Bf3 Bd5 31. Bxd5+ cxd5 32. Bd4 Ne4 33. Bxa7 Ke6 34. c4 Kf5 35. c5 d4 36. b4 d3 37. Rd1 h4 38. b5 h3 39.
Bb8 Rd5 40. c6 d2+ 41. Kc2 bxc6 42. b6 Rc5+ 43. Kd3 Rc1 44. Ke2 Rxd1 45. Kxd1 h2 46. b7 h1=Q+ 47. Kc2 d1=Q+ 48. Kb2 Qa1+ 49. Kb3 Qhb1+ 50.
Kc4 Qc3# 0-1

[Event "Late-Titled-Tuesday-Blitz-September-12-2023"]
[Site "Chess.com"]
[Date "2023.09.12"]
[Round "5"]
[White "FabianoCaruana"]
[Black "ckgchess"]
[Result "1-0"]
[WhiteElo "3057"]
[BlackElo "2884"]
[TimeControl "180+1"]
[EndTime "14:53:12 PDT"]
[Termination "FabianoCaruana won on time"]

1. c4 Nf6 2. g3 e5 3. Bg2 c6 4. d4 e4 5. a3 d5 6. Nc3 h6 7. f3 Bf5 8. fxe4 Bxe4 9. Nxe4 dxe4 10. e3 Bd6 11. Ne2 O-O 12. O-O Re8 13. b4 a5 14.
Bd2 axb4 15. axb4 Rxa1 16. Qxa1 Na6 17. Qb2 Nc7 18. Bc3 Ng4 19. Qd2 Qg5 20. Nf4 Ne6 21. h3 Nf6 22. d5 cxd5 23. Bxf6 Qxf6 24. Nxd5 Qg5 25. Qf2 Rf8 26. g4 Qe5 27. Rd1 f5 28. g5 f4 29. exf4 Nxf4 30. Nxf4 Rxf4 31. Qb6 Bb8 32. Qxb7 Rf7 33. Qc8+ Kh7 34. g6+ Kxg6 35. Qg4+ Kh7 36. Bxe4+ Kg8 37. Rd8+ Rf8 38. Bd5+ Kh7 39.
Qe4+ 1-0

[Event "Late-Titled-Tuesday-Blitz-September-12-2023"]
[Site "Chess.com"]
[Date "2023.09.12"]
[Round "5"]
[White "nitpicker"]
[Black "NovikovaGalina"]
[Result "0-1"]
[WhiteElo "2259"]
[BlackElo "2431"]
[TimeControl "180+1"]
[EndTime "14:53:12 PDT"]
[Termination "NovikovaGalina won on time"]

1. d4 e5 2. dxe5 d6 3. Nf3 Nc6 4. Bf4 Bg4 5. Nbd2 dxe5 6. Nxe5 Nxe5 7. Bxe5 Qe7 8. Bc3 O-O-O 9. f3 Qe3 10. Qc1 Bc5 11. Ne4 Qxc1+ 12. Rxc1 Be3 13. Bd2 Bxd2+ 14. Nxd2 Bf5 15. e4 Bg6 16. Bd3 Nf6 17. O-O Nd7 18. Nc4 f6 19. Rfd1 Rde8 20. Ne3 c6 21. b4 Ne5 22. Be2 h5 23. Rd4 h4 24. h3 Re7 25. c4 Kc7 26. c5 Rd8 27. Rcd1 Rxd4 28. Rxd4 Bf7 29. a4 Be6 30. Kf2 Ng6 31. Ke1 Nf4 32. Kd2 g5 33. Bf1 Bf7 34. Kc3 Ba2 35.
b5 Rg7 36. Nf5 Rh7 0-1

[Event "Late-Titled-Tuesday-Blitz-September-12-2023"]
[Site "Chess.com"]
[Date "2023.09.12"]
[Round "5"]
[White "Sinquefield"]
[Black "enestnrvrd"]
[Result "0-1"]
[WhiteElo "2452"]
[BlackElo "2733"]
[TimeControl "180+1"]
[EndTime "14:53:14 PDT"]
[Termination "enestnrvrd won by resignation"]

1. d4 Nf6 2. Nf3 g6 3. Bg5 Bg7 4. Nbd2 O-O 5. e3 d6 6. Bc4 Nbd7 7. c3 c6 8. O-O e5 9. dxe5 dxe5 10. e4 h6 11. Bh4 Qe8 12. b4 Nh5 13. a4 Ndf6 14. Qb3 Nf4 15. Rfe1 Kh8 16. Rad1 g5 17. Bg3 Bg4 18. b5 c5 19. a5 Qe7 20. Bxf4 gxf4 21.
Be2 Rfd8 22. Nc4 Nxe4 23. Rxd8+ Rxd8 24. Nfxe5 Be6 25. Qc2 Nxf2 26. Kxf2 Qh4+ 27. Kf1 Qxh2 28. Nf3 Qg3 29. Rd1 Rg8 30. Qe4 Bxc3 31. Nfe5 Bd4 32. Rxd4 cxd4 33. Bd3 Rg7 34. Qxb7 Bxc4 35. Bxc4 f3 36.
Qa8+ Rg8 37. Nxf7+ Kg7 38. Qxf3 Qxf3+ 39. gxf3 Rc8 40.
Bd3 Kxf7 41. b6 axb6 42. axb6 Rb8 0-1

[Event "Late-Titled-Tuesday-Blitz-September-12-2023"]
[Site "Chess.com"]
[Date "2023.09.12"]
[Round "5"]
[White "Lennis93"]
[Black "Mikhal867"]
[Result "1-0"]
[WhiteElo "2720"]
[BlackElo "2447"]
[TimeControl "180+1"]
[EndTime "14:53:14 PDT"]
[Termination "Lennis93 won on time"]

1. Nf3 c5 2. e4 Nc6 3. Bb5 g6 4. O-O Bg7 5. Re1 e5 6. a3 Nge7 7. b4 b6 8. bxc5 bxc5 9. Nc3 O-O 10. d3 Nd4 11. Bc4 d6 12. Nxd4 cxd4 13. Nd5 Nxd5 14. Bxd5 Rb8 15. Bd2 Bf6 16. c3 dxc3 17. Bxc3 Bg5 18.
Qa4 Qd7 19. Qxd7 Bxd7 20. Bb4 Rb6 21. g3 Be6 22. Bxe6 fxe6 23. Rad1 Rc8 24. d4 exd4 25. Rxd4 Be7 26. Red1 Ra6 27. Kg2 Rc2 28. R4d3 Kf7 29. e5 d5 30. Rf3+ Ke8 31. Bxe7 Kxe7 32. Rd4 Rc4 33.
Rxc4 dxc4 34. Rc3 Ra4 35. Kf3 Kd7 36. Ke4 Kc6 37. Kd4 Kb5 38. f4 Ra6 39. Rxc4 Rxa3 40. Rc7 h5 41. Rg7 Ra2 42. Rxg6 Rxh2 43. Rxe6 Rg2 44. Rh6 a5 45. Rxh5 Rxg3 46. e6+ Kc6 47. Rxa5 Kd6 48. Ra6+ Ke7 49. Ke5 Re3+ 50. Kf5 Rc3 51.
Ra7+ Kd6 52. Rd7+ Kc6 53. Rd1 1-0

[Event "Late-Titled-Tuesday-Blitz-September-12-2023"]
[Site "Chess.com"]
[Date "2023.09.12"]
[Round "5"]
[White "YEIKO2017"]
[Black "Quattroporte300"]
[Result "0-1"]
[WhiteElo "2537"]
[BlackElo "2416"]
[TimeControl "180+1"]
[EndTime "14:53:14 PDT"]
[Termination "Quattroporte300 won by resignation"]

1. e4 c5 2. Nf3 d6 3. d4 cxd4 4. Nxd4 Nf6 5. Nc3 a6 6. Bg5 Nbd7 7. Qe2 g6 8. O-O-O Bg7 9. f4 Qa5 10. Nb3 Qc7 11. g3 O-O 12. Bg2 h6 13. Bxf6 Nxf6 14. e5 Bg4 15. exf6 Bxe2 16. fxg7 Bxd1 17. gxf8=Q+ Kxf8 18. Rxd1 e6 19. h4 h5 20. Ne4 d5 21. Ng5 Rc8 22.
Rd2 b5 23. Nd4 Qa5 24. a3 b4 25. Rd3 bxa3 26. bxa3 Qe1+ 27. Kb2 Rb8+ 28. Nb3 Qf2 29. Bf3 Qxg3 30. Bxd5 Qxh4 31. Bf3 Qxf4 32. Ne4 Qe5+ 33. Ka2 a5 34. a4 Rb4 35. Nec5 Qh2 36. Rd8+ Kg7 37. Rd7 Qxc2+ 38. Ka3 Qc3 39. Nxe6+ Kh6 40. Nd4 Rxd4 41. Rxd4 Qxf3 42. Rc4 g5 43. Rc5 h4 44.
Rxa5 h3 45. Ra6+ f6 0-1

[Event "Late-Titled-Tuesday-Blitz-September-12-2023"]
[Site "Chess.com"]
[Date "2023.09.12"]
[Round "5"]
[White "Beca95"]
[Black "FredyMatsuura"]
[Result "1-0"]
[WhiteElo "2947"]
[BlackElo "2346"]
[TimeControl "180+1"]
[EndTime "14:53:16 PDT"]
[Termination "Beca95 won on time"]

1. c4 e6 2. Nc3 d5 3. d4 Nf6 4. Nf3 Be7 5. Bg5 h6 6. Bh4 Ne4 7. Bxe7 Qxe7 8. e3 c6 9. Rc1 Nd7 10. Bd3 Nxc3 11. bxc3 O-O 12. cxd5 exd5 13. c4 dxc4 14.
Bxc4 Nf6 15. O-O Ne4 16. Ne5 Nd6 17. Bd3 Bf5 18. Be2 Rad8 19. Qb3 Kh8 20. a4 f6 21.
Nf3 Ne4 22. Rfd1 Rfe8 23. Ne1 Be6 24. Qb2 Qf7 25. f3 Nd6 26. e4 Bc4 27. Bxc4 Nxc4 28.
Qc3 Nd6 29. Nd3 Rc8 30. Qb4 Red8 31. Nf4 Kh7 32. h4 Qc7 33. Qd2 Nf7 34. Ne6 Qg3 35. Nxd8 Rxd8 36. Qf2 Qf4 37. g3 Qc7 38. d5 Qa5 39. Qd2 Qxa4 40. Kg2 cxd5 41. exd5 Ne5 42. d6 Rd7 43. Qc2+ Qxc2+ 44. Rxc2 Nc6 45.
h5 Kg8 46. Re2 Kf7 47. f4 Nd8 48. Kf3 Ne6 49. Kg4 Nc5 50. Kf5 b6 51. Re7+ Rxe7 52.
dxe7 Kxe7 53. Kg6 1-0

[Event "Late-Titled-Tuesday-Blitz-September-12-2023"]
[Site "Chess.com"]
[Date "2023.09.12"]
[Round "5"]
[White "ferdipy"]
[Black "ARTHURMOTIVATOR"]
[Result "1-0"]
[WhiteElo "2274"]
[BlackElo "2338"]
[TimeControl "180+1"]
[EndTime "14:53:16 PDT"]
[Termination "ferdipy won by resignation"]

1. e4 e5 2. Nf3 Nc6 3. Bc4 Nf6 4. Ng5 d5 5. exd5 Na5 6. Bb5+ c6 7. dxc6 bxc6 8.
Be2 h6 9. Nf3 e4 10. Ne5 Bc5 11. O-O Qd6 12. Ng4 Bxg4 13. Bxg4 h5 14. Be2 Ng4 15.
g3 Nxf2 16. Rxf2 h4 17. d4 exd3 18. Qxd3 hxg3 19. Qxg3 Qxg3+ 20. hxg3 O-O-O 21. Nc3 Rh3 22. Bg4+ Kb8 23. Bxh3 Nc4 24. Bf4+ Kb7 25. Rd1 Re8 26. Na4 Bxf2+ 27. Kxf2 f6 28. b3 Ne5 29. Nc5+ Kb6 30.
Bxe5 fxe5 31. Ne4 Rf8+ 32. Ke3 Rh8 33. Bg4 Rh2 34. c4 Rxa2 35. c5+ Ka5 36. b4+ Kxb4 37. Rb1+ Ka3 38. Be6 Rg2 39. Rb3+ Ka4 40. Nc3+ Ka5 41. Ra3+ Kb4 42. Nb1 Rxg3+ 43. Ke4 Rxa3 44. Nxa3 Kxa3 45.
Kxe5 Kb4 46. Kd6 Kb5 47. Bd7 a5 48. Bxc6+ Kb4 49. Be8 g5 50. c6 g4 51. c7 g3 52.
Bc6 g2 53. Bxg2 1-0

[Event "Late-Titled-Tuesday-Blitz-September-12-2023"]
[Site "Chess.com"]
[Date "2023.09.12"]
[Round "5"]
[White "Firouzja2003"]
[Black "Zkid"]
[Result "1/2-1/2"]
[WhiteElo "3075"]
[BlackElo "2921"]
[TimeControl "180+1"]
[EndTime "14:53:17 PDT"]
[Termination "Game drawn by repetition"]

1. d4 d5 2. c4 dxc4 3. Nf3 Nf6 4. e3 e6 5. Bxc4 c5 6. O-O a6 7. Re1 b5 8. Bf1 Bb7 9. a4 b4 10. Nbd2 Nbd7 11. e4 cxd4 12. e5 Nd5 13. Ne4 h6 14. Nxd4 Nc5 15. Ng3 Be7 16. Bd2 Rc8 17. Rc1 Bg5 18.
Bxg5 Qxg5 19. Rxc5 Rxc5 20. Ne4 Qe7 21. Nxc5 Qxc5 22.
Nb3 Qc7 23. Qc1 Qxc1 24. Rxc1 Ke7 25. Na5 Rc8 26. Rxc8 Bxc8 27. Bc4 Nb6 28. b3 Nxc4 29. Nxc4 Bb7 30. Nb6 Kd8 31. f3 Kc7 32. a5 Kc6 33. Kf2 Kc5 34. Ke3 Bd5 35. Nxd5 Kxd5 36. f4 h5 37. g3 f6 38. exf6 gxf6 39. h3 f5 40. Kd3 Kc5 41. Ke3 Kd5 42. Kd3 Kc5 43. Ke3 Kd5 1/2-1/2

[Event "Late-Titled-Tuesday-Blitz-September-12-2023"]
[Site "Chess.com"]
[Date "2023.09.12"]
[Round "5"]
[White "Sacbutt"]
[Black "PawnEatingZombie"]
[Result "1-0"]
[WhiteElo "2364"]
[BlackElo "2199"]
[TimeControl "180+1"]
[EndTime "14:53:17 PDT"]
[Termination "Sacbutt won on time"]

1. d4 e6 2. c4 b6 3. Nf3 Bb7 4. Nc3 Bb4 5. g3 f5 6. Bg2 Nf6 7.
O-O Bxc3 8. bxc3 O-O 9. Bg5 h6 10. Bxf6 Qxf6 11. Nd2 Bxg2 12. Kxg2 Nc6 13. f3 e5 14. e3 Kh8 15. Qc2 d6 16. Rab1 Ne7 17. Rb5 Ng6 18. f4 Qe6 19. Qd3 a6 20. Rbb1 Rae8 21.
Rbe1 e4 22. Qc2 Ne7 23. Qa4 a5 24. Qb5 d5 25. c5 Rb8 26. Rb1 c6 27. Qa4 b5 28.
Qa3 Ra8 29. Rb2 a4 30. Rbb1 g5 31. Kh1 Rg8 32. Rg1 Rg7 33. Qb4 Rag8 34. a3 g4 35. Qa5 h5 36. Rg2 Ng6 37. Rbg1 Rh7 38. Nf1 h4 39. Qb4 hxg3 40. Nxg3 Nh4 41. Rf2 Nf3 42. Rgg2 Rg6 43. Qa5 Rgh6 44. Qd8+ Qg8 45. Qxg8+ Kxg8 46. Nxf5 1-0

[Event "Late-Titled-Tuesday-Blitz-September-12-2023"]
[Site "Chess.com"]
[Date "2023.09.12"]
[Round "5"]
[White "szachmistrz2500"]
[Black "IMRosen"]
[Result "1-0"]
[WhiteElo "2463"]
[BlackElo "2597"]
[TimeControl "180+1"]
[EndTime "14:53:19 PDT"]
[Termination "szachmistrz2500 won by resignation"]

1. Nf3 d5 2. g3 Nf6 3. Bg2 e6 4. O-O Be7 5. d3 O-O 6. Nbd2 b6 7. e4 dxe4 8. dxe4 Bb7 9. Re1 Nc6 10.
c3 Qc8 11. Qc2 Rd8 12. Nc4 a5 13. a4 Nd7 14. Bf4 Nc5 15. Rad1 Ba6 16. Bf1 Rxd1 17. Rxd1 Qe8 18. Bxc7 b5 19. axb5 Bxb5 20. Nd6 Bxd6 21. Bxd6 Ba4 22. Qc1 Bxd1 23. Qxd1 Nxe4 24. Ba3 Rd8 25.
Qa4 Qd7 26. Qxe4 Ne7 27. Ne5 Qc7 28. Bd3 Ng6 29. Nxg6 hxg6 30. h4 Rb8 31. h5 f5 32.
Qxe6+ Qf7 33. Qd6 Re8 34. hxg6 Qe6 35. Qxe6+ Rxe6 36. Bc4 f4 37. Bxe6+ Kh8 38. gxf4 a4 39. Bf5 Kg8 40. Kg2 Kh8 41. Kf3 Kg8 42. Ke4 Kh8 43.
Ke5 Kg8 44. c4 Kh8 45. Be7 Kg8 46. c5 a3 47. bxa3 Kh8 48. c6 1-0

[Event "Late-Titled-Tuesday-Blitz-September-12-2023"]
[Site "Chess.com"]
[Date "2023.09.12"]
[Round "5"]
[White "kleopl"]
[Black "pokochajszachy"]
[Result "0-1"]
[WhiteElo "2527"]
[BlackElo "2385"]
[TimeControl "180+1"]
[EndTime "14:53:20 PDT"]
[Termination "pokochajszachy won by resignation"]

1. e4 c5 2. Nc3 a6 3. Nf3 Nc6 4. d4 cxd4 5. Nxd4 e5 6. Nf5 d6 7.
Ne3 Be6 8. Bc4 Rc8 9. O-O Nd4 10. Bd5 Qc7 11. f4 Nf6 12. f5 Bxd5 13. Nexd5 Nxd5 14. Nxd5 Qxc2 15. Qg4 Ne2+ 16. Kh1 Nxc1 17. Nc3 h5 18. Qf3 Nd3 19. f6 g6 20. Nd5 Bh6 21. Ne7 Rc5 22. Rab1 Nf4 23. g3 Ne6 24. Rbe1 Nd4 25. Qa3 Kd7 26. b3 Re8 27. Qa4+ Nc6 28.
Nd5 Qd2 29. b4 Rc2 30. Nb6+ Kc7 31. Nd5+ Kb8 32. Qxc2 Qxc2 33. b5 axb5 34. Rb1 b4 35. Rfe1 Qxa2 36. Nb6 Rc8 37. Rbd1 Nd4 38. Ra1 Qf2 39.
Ra8+ Kc7 40. Nd5+ Kd8 41. Rea1 Nf3 0-1

[Event "Late-Titled-Tuesday-Blitz-September-12-2023"]
[Site "Chess.com"]
[Date "2023.09.12"]
[Round "5"]
[White "WilliamAlfaroCaracas"]
[Black "AlexNovitz"]
[Result "1-0"]
[WhiteElo "2271"]
[BlackElo "2174"]
[TimeControl "180+1"]
[EndTime "14:53:22 PDT"]
[Termination "WilliamAlfaroCaracas won by checkmate"]

1. e4 e6 2. d4 d5 3. e5 c5 4. c3 Nc6 5. Nf3 Qb6 6. a3 Nh6 7. b4 cxd4 8. cxd4 Nf5 9. Bb2 Be7 10.
h4 f6 11. g4 Nh6 12. exf6 gxf6 13. g5 Nf5 14. Bh3 fxg5 15. hxg5 Bd7 16. Qd3 O-O-O 17. Nbd2 Kb8 18. Bxf5 exf5 19. O-O-O Bxb4 20. axb4 Nxb4 21. Qb3 f4 22. Ba3 Bf5 23. Qxb4 Rc8+ 24. Kb2 Rc6 25. Qxb6 Rxb6+ 26. Nb3 a5 27. Bc5 Rb5 28. Ka3 Bc2 29.
Rb1 b6 30. Ka4 Rxb3 31. Rxb3 Bxb3+ 32. Kxb3 bxc5 33. dxc5 Kc7 34. g6 h5 35. g7 Rg8 36.
Rxh5 Rxg7 37. Rxd5 Kc6 38. Rf5 Rg2 39. Nd4+ Kc7 40.
Rxf4 Rg1 41. Rf7+ Kc8 42. Kc4 Rc1+ 43. Kb5 a4 44. Kc6 Kd8 45. Nf5 Ke8 46. Nd6+ Kd8 47. Rd7# 1-0

[Event "Late-Titled-Tuesday-Blitz-September-12-2023"]
[Site "Chess.com"]
[Date "2023.09.12"]
[Round "5"]
[White "Oleksandr_Bortnyk"]
[Black "zeitnot2006"]
[Result "1-0"]
[WhiteElo "3014"]
[BlackElo "2751"]
[TimeControl "180+1"]
[EndTime "14:53:24 PDT"]
[Termination "Oleksandr_Bortnyk won by resignation"]

1. e4 c5 2. c3 e5 3. Nf3 Nc6 4. Bc4 Nf6 5. d3 Be7 6. O-O O-O 7. h3 d6 8. a4 a6 9. Bg5 Rb8 10. Nbd2 h6 11. Be3 d5 12. exd5 Nxd5 13. Re1 Be6 14. a5 f6 15. Qa4 Nc7 16. Bxe6+ Nxe6 17. Qc4 Qd7 18. Ne4 Rfc8 19. Nxc5 Bxc5 20. Bxc5 Kh8 21. b4 Rd8 22. d4 Nxc5 23. dxc5 Qd3 24. Qxd3 Rxd3 25. Rac1 Rbd8 26. Nh4 Ne7 27. Nf3 Kg8 28. c4 Nc6 29. Rb1 Rc3 30. Rec1 Rxc1+ 31. Rxc1 Nxb4 32.
Rb1 Nd3 33. Rxb7 Nxc5 34. Rc7 Rd1+ 35. Kh2 Ne4 36. Nh4 Nxf2 37. Nf5 Nd3 38. Rxg7+ Kf8 39. Rd7 h5 40. c5 Nf2 41. c6 Rh1+ 42. Kg3 Ne4+ 43.
Kh4 Rc1 44. c7 Rc4 45. Kxh5 Ke8 46. Rd8+ Kf7 47. c8=Q Ng3+ 48. Nxg3 Rxc8 49. Rxc8 1-0

[Event "Late-Titled-Tuesday-Blitz-September-12-2023"]
[Site "Chess.com"]
[Date "2023.09.12"]
[Round "5"]
[White "lluiss"]
[Black "imdarealist"]
[Result "1-0"]
[WhiteElo "2175"]
[BlackElo "2267"]
[TimeControl "180+1"]
[EndTime "14:53:24 PDT"]
[Termination "lluiss won on time"]

1. Nf3 d5 2. d4 Nf6 3. c4 e6 4. cxd5 exd5 5. Nc3 c6 6. Qc2 Bd6 7. Bg5 h6 8. Bh4 O-O 9. e3 Bg4 10. Ne5 Be6 11. Bd3 Nbd7 12. Nxd7 Bxd7 13. Bg3 Qc7 14. O-O Bxg3 15. hxg3 Rfe8 16. Rfc1 Qd6 17. Rab1 Ng4 18. Be2 Qf6 19. Bxg4 Bxg4 20. Qb3 Re7 21. Re1 Rae8 22. Rbc1 h5 23. Qa3 a6 24. Ne2 h4 25. gxh4 Qxh4 26. Ng3 g6 27. Qd6 Kg7 28. Kf1 Rh8 29.
f3 Re6 30. Qf4 Rf6 31. Qe5 Be6 32. Kf2 Qh7 33. Rh1 Qg8 34. Rxh8 Qxh8 35. Rh1 Qd8 36. Ke2 Qb6 37. b3 Qa5 38. Qg5 Qxa2+ 39. Kf1 Qb1+ 40.
Kf2 1-0

[Event "Late-Titled-Tuesday-Blitz-September-12-2023"]
[Site "Chess.com"]
[Date "2023.09.12"]
[Round "5"]
[White "mishanick"]
[Black "Zhigalko_Sergei"]
[Result "1-0"]
[WhiteElo "3066"]
[BlackElo "2873"]
[TimeControl "180+1"]
[EndTime "14:53:26 PDT"]
[Termination "mishanick won on time"]

1. d4 Nf6 2. c4 e6 3. Nc3 Bb4 4.
e3 O-O 5. Bd3 d5 6. a3 Bxc3+ 7.
bxc3 c5 8. Ne2 Nc6 9. O-O dxc4 10. Bxc4 e5 11. Bb2 Qc7 12. Ba2 Rd8 13. Rc1 b6 14. Qa4 Bb7 15. Rfd1 Ne7 16. Ng3 Ng6 17.
f3 Rac8 18. e4 Nf4 19. Bc4 a6 20. dxe5 b5 21. Qc2 Qxe5 22. Bf1 c4 23. Qf2 h5 24. a4 g6 25. h4 Kg7 26. axb5 axb5 27. Ba3 Kg8 28. Rxd8+ Rxd8 29. Bc5 Ne6 30. Be3 Qc7 31. Ne2 Rc8 32. Nd4 Nxd4 33. Bxd4 Nd7 34. Qe3 Ne5 35. Qg5 Nc6 36. Bf6 Qd6 37. Rd1 Qf8 38.
Qxb5 Ba8 39. Qg5 Re8 40. Rd7 Qa3 41. Bxc4 Qf8 42. Rxf7 Qxf7 43. Qxg6+ 1-0